Map: Terrasses de Prion

Players

Zurllyn

  • Race: Protoss Protoss
  • League: Silver
  • Spawn Location: 11:00

zidar - Winner!

  • Race: Zerg Zerg
  • League: Silver
  • Spawn Location: 5:00

VOD

Have the link to the VOD?

Description

Time

  • Played on: Feb. 5, 2016, 2:06 p.m.
  • Length: 16:18
Show
View Real Time Build Order
Export as new Build Order

Zurllyn Protoss 

Build Orders: 1 Gate Expand 

Get SALT Encoding   

  12  0:01  Probe (Chrono Boost)  
  13  0:12  Probe (Chrono Boost)  
  14  0:24  Pylon  
  14  0:32  Probe (Chrono Boost)  
  15  0:43  Probe (Chrono Boost)  
  15  0:44  Gateway  
  16  0:53  Probe (Chrono Boost)  
  17  1:16  Nexus  
  17  1:22  Probe (Chrono Boost)  
  18  1:35  Cybernetics Core  
  18  1:37  Assimilator  
  18  1:38  Probe (Chrono Boost)  
  19  1:44  Assimilator  
  19  1:48  Zealot  
  21  2:00  Forge  
  21  2:24  Probe (Chrono Boost)  
  22  2:35  Probe (Chrono Boost)  
  23  2:38  Probe (Chrono Boost)  
  24  2:45  Probe (Chrono Boost)  
  24  2:48  Probe (Chrono Boost)  
  24  2:50  Stalker  
  28  2:52  Warp Gate (Chrono Boost)  
  28  2:57  Probe  
  28  3:01  Gateway  
  28  3:04  Photon Cannon  
  29  3:08  Probe  
  30  3:18  Probe  
  30  3:22  Pylon  
  31  3:29  Probe  
  31  3:33  Gateway  
  31  3:34  Mothership Core  
  34  3:37  Pylon  
  34  3:39  Probe  
  35  3:43  Pylon  
  35  3:55  Probe  
  36  4:07  Probe x2  
  38  4:12  Assimilator  
  38  4:15  Assimilator  
  38  4:17  Probe, Pylon  
  38  4:21  Photon Cannon  
  38  4:24  Photon Cannon  
  39  4:28  Probe, Photon Cannon  
  40  4:35  Protoss Ground Weapons Level 1 (Chrono Boost)  
  40  4:38  Probe  
  40  4:43  Robotics Facility  
  40  4:45  Robotics Facility  
  41  4:58  Nexus  
  41  5:02  Pylon  
  41  5:12  Pylon  
  41  5:18  Stalker x2  
  41  5:19  Stalker  
  47  5:26  Photon Cannon  
  47  5:28  Photon Cannon  
  31  5:48  Probe  
  32  6:01  Probe  
  33  6:08  Probe  
  33  6:10  Probe  
  34  6:13  Probe  
  36  6:19  Probe  
  36  6:21  Probe  
  36  6:24  Pylon  
  36  6:25  Probe  
  39  6:27  Pylon, Stalker x2  
  39  6:29  Probe  
  39  6:31  Pylon  
  39  6:32  Probe  
  44  6:37  Probe  
  44  6:39  Assimilator  
  46  6:40  Probe  
  46  6:42  Probe  
  46  6:43  Assimilator  
  48  6:49  Probe  
  49  6:55  Immortal  
  49  6:57  Immortal  
  57  7:05  Probe  
  57  7:07  Probe  
  59  7:16  Probe  
  59  7:19  Probe, Stalker x2  
  65  7:26  Probe  
  66  7:31  Probe  
  66  7:34  Observer  
  66  7:36  Immortal  
  72  7:37  Probe  
  72  7:43  Probe  
  74  7:45  Gateway  
  74  7:48  Gateway  
  74  7:50  Gateway  
  74  8:36  Stalker x3  
  74  9:10  Probe  
  74  9:11  Probe  
  76  9:21  Probe  
  76  9:23  Probe  
  78  9:25  Twilight Council  
  78  9:26  Pylon  
  78  9:28  Stalker x3  
  78  9:30  Pylon  
  84  9:35  Probe  
  85  10:19  Nexus  
  85  10:35  Stalker  
  85  10:36  Stalker x5  
  97  10:45  Gateway  
  97  10:47  Gateway  
  97  10:49  Gateway  
  97  10:50  Blink  
  97  10:51  Gateway  
  97  10:52  Gateway  
  97  10:55  Twilight Council  
  97  11:02  Stalker  
  97  11:03  Stalker x2  
  102  11:19  Stalker x3  
  108  11:43  Zealot x3  
  108  11:44  Nexus, Zealot x3  
  108  11:46  Pylon  
  120  12:15  Stalker x5  
  106  12:16  Stalker  
  77  12:46  Charge (Chrono Boost)  
  77  12:54  Zealot x5  
  77  12:55  Zealot x6  
  99  13:07  Assimilator  
  99  13:11  Assimilator  
  99  13:12  Probe, Pylon  
  99  13:13  Probe  
  99  13:16  Photon Cannon  
  99  13:18  Photon Cannon  
  101  13:20  Photon Cannon  
  101  13:23  Stalker  
  101  13:24  Stalker x5  
  101  13:25  Stalker x5  
  123  13:52  Stalker x7  
  123  13:53  Stalker x3  
  123  13:54  Stalker  
  81  14:39  Stalker x2  
  81  14:40  Stalker x7  
  81  14:41  Stalker x2  
  63  15:08  Forge  
  63  15:09  Forge  
  63  15:13  Stalker x5  
  63  15:14  Stalker x2  
  47  15:45  Stalker x6  
  47  15:46  Stalker  
  52  16:04  Stalker  
Show
View Real Time Build Order
Export as new Build Order

zidar Zerg - Winner!

Build Orders: Pool First 

Get SALT Encoding   

  12  0:01  Drone  
  13  0:12  Overlord  
  13  0:17  Drone  
  14  0:30  Drone x2  
  14  0:34  Drone  
  17  0:46  Spawning Pool  
  17  0:50  Drone  
  17  1:16  Drone  
  17  1:17  Hatchery  
  17  1:21  Extractor  
  17  1:22  Drone  
  17  1:25  Drone  
  18  1:37  Overlord  
  18  1:42  Queen  
  20  1:54  Drone  
  20  1:55  Drone  
  22  2:13  Roach Warren  
  21  2:18  Queen  
  23  2:29  Metabolic Boost  
  22  2:35  Drone x2  
  24  2:48  Drone x4  
  28  3:04  Drone x5  
  33  3:25  Evolution Chamber  
  32  3:30  Roach x2  
  32  3:34  Overlord x3  
  36  3:54  Zergling x2  
  36  3:55  Zergling x10  
  42  4:09  Lair  
  42  4:12  Extractor  
  41  5:00  Roach  
  41  5:01  Roach x4  
  51  5:18  Hatchery  
  51  5:19  Hatchery  
  48  5:42  Roach x8  
  59  5:57  Extractor  
  59  5:59  Extractor  
  57  6:05  Ravager  
  57  6:09  Drone  
  57  6:10  Drone  
  60  6:29  Overseer  
  60  6:39  Hydralisk Den  
  59  6:53  Drone x6  
  59  6:54  Drone x6  
  70  6:55  Drone  
  70  6:57  Overlord  
  70  6:58  Overlord x4  
  72  7:02  Pneumatized Carapace  
  72  7:14  Lurker Den  
  72  7:15  Queen  
  74  7:26  Extractor  
  73  7:32  Extractor  
  73  7:36  Evolution Chamber  
  71  7:38  Zerg Ground Armor Level 1  
  71  7:44  Drone x7  
  78  8:11  Hydralisk x7  
  92  8:13  Zergling x2  
  92  8:14  Zergling x18  
  100  8:38  Zerg Melee Weapons Level 1  
  96  9:21  Drone x2  
  98  9:25  Overlord x3  
  98  9:26  Overlord x2  
  98  9:44  Hydralisk x13  
  124  9:47  Roach  
  124  9:48  Roach x2  
  130  10:10  Glial Reconstitution  
  130  10:45  Overlord x5  
  130  11:08  Overlord x3  
  130  11:14  Roach  
  130  11:15  Roach x7  
  146  11:37  Zerg Ground Armor Level 2  
  146  11:38  Zerg Melee Weapons Level 2  
  81  12:44  Hydralisk  
  81  12:45  Hydralisk x11  
  81  12:46  Roach  
  81  12:47  Roach x5  
  117  13:08  Infestation Pit  
  116  13:37  Hatchery  
  115  13:43  Hydralisk  
  115  13:44  Hydralisk x17  
  115  13:46  Hatchery  
  150  13:52  Zergling x6  
  153  14:00  Hive  
  102  14:44  Zergling x2  
  102  14:45  Zergling x34  
  76  15:41  Zergling x30  
  76  15:42  Zergling x10  
Tags
 
Add a new tag
Caveats
  • Supply blocks, unpowered buildings, or Contaminate may cause inaccurate times.
  • Supply counts are checked every 10 seconds.